 Dungeon Crawl Stone Soup version 0.29-a0-870-g2c972031a6 (webtiles) character file.

Game seed: 3738925382738199643

35 nxtlvl the Ducker (level 3, -1/22 HPs)
             Began as a Deep Elf Monk on July 17, 2022.
             Slain by Jessica
             ... wielding a +0 club
              (3 damage)
             ... on level 2 of the Dungeon.
             The game lasted 00:04:44 (548 turns).

nxtlvl the Ducker (Deep Elf Monk)                    Turns: 548, Time: 00:04:45

Health: -1/22      AC:  2    Str:  8    XL:     3   Next: 16%
Magic:  5/5        EV: 14    Int: 16    God:
Gold:   106        SH:  0    Dex: 17    Spells: 2/2 levels left

rFire   . . .      SeeInvis .   a - +2 dagger (freeze)
rCold   . . .      Faith    .   (no shield)
rNeg    . . .      Spirit   .   b - +0 robe
rPois   .          Reflect  .   (no helmet)
rElec   .          Harm     .   (no cloak)
rCorr   .          Rampage  .   (no gloves)
Will    .....                   (no boots)
Stlth   ++........              (no amulet)
HPRegen 0.07/turn               (no ring)
MPRegen 0.09/turn               (no ring)

@: on berserk cooldown, slowed, very slow
A: no striking features
a: no special abilities


You were on level 2 of the Dungeon.
You visited 1 branch of the dungeon, and saw 2 of its levels.

You collected 106 gold pieces.

Inventory:

Hand Weapons
 a - a +2 dagger of freezing (weapon)
Missiles
 f - 9 stones (quivered)
Armour
 b - a +0 robe (worn)
Magical Staves
 d - a staff of conjuration
Scrolls
 e - a scroll of magic mapping {unknown}


   Skills:
 - Level 2.4 Fighting
 * Level 4.0 Short Blades
 + Level 4.1 Dodging
 - Level 2.4 Stealth


You had 2 spell levels left.
You didn't know any spells.
Your spell library was empty.

Dungeon Overview and Level Annotations

Branches:
Dungeon (2/15)

Altars:

Annotations:
D:2 Jessica


Message History

A quokka comes into view.
The bat hits you but does no damage.
You closely miss the bat. The bat hits you but does no damage.
The bat closely misses you. The bat hits you but does no damage.
The bat barely misses you.
There is an open door, spattered with blood here.
You hit the bat. You freeze the bat.
You kill the bat!
Found 10 gold pieces.
A goblin comes into view. It is wielding a +0 club.
The goblin shouts!
The goblin moves out of view.
Jessica the Apprentice Sorceress comes into view.
She is wielding a +0 club.
The goblin hits you with a +0 club.
You barely miss the goblin. The goblin closely misses you.
You hit the goblin. You freeze the goblin.
The goblin is heavily wounded.
The goblin misses you.
You hit the goblin. You freeze the goblin.
You kill the goblin!
Jessica shouts, "I don't like beings like you!"
Jessica mumbles some strange words.
Jessica blinks!
Things that are here:
a +0 club; a goblin corpse Jessica points at you and mumbles some strange words.
Pain shoots through your body!
Ouch! That really hurt!
* * * LOW HITPOINT WARNING * * *
It was a potion of berserk rage.
A red film seems to cover your vision as you go berserk!
You feel yourself moving faster!
You feel mighty!
You feel a strong urge to attack something.
Jessica gestures at you while chanting.
You barely resist.
You feel your anger nearly subside.
You are no longer berserk.
You are exhausted.
You feel yourself slow down. Jessica hits you with a +0 club.
You die...

.. ....##.## #..#..
.......... #..#.#
#..####.## ......
.......... ##..#.#
#...###.## ...#.#
#.........
#..#.#####...#.....
#@.#.............##
#.@#.#####...#.#.##
#............#.#...
#$.#########.#.....
#..# #.#.#.## #...
#.#.#.## ##.#
#.#.#.## #.#
#.####.#.#.## #.#
#............ #.
######.#.#.##


You could see Jessica.

Vanquished Creatures
  An adder (D:2)
  A worm (D:2)
  An orc (D:2)
  A ball python (D:2)
  3 bats
  2 endoplasms
  3 hobgoblins (D:2)
  A quokka (D:1)
  3 frilled lizards
  2 goblins
  A kobold (D:2)
  4 rats
23 creatures vanquished.

Notes
Turn   | Place    | Note
-------+----------+-------------------------------------------
     0 | D:1      | nxtlvl the Deep Elf Monk began the quest for the Orb.
     0 | D:1      | Reached XP level 1. HP: 13/13 MP: 3/3
   228 | D:2      | Reached XP level 2. HP: 14/18 MP: 4/4
   443 | D:2      | Reached XP level 3. HP: 5/22 MP: 5/5
   538 | D:2      | Noticed Jessica
   543 | D:2      | HP: 1/22 [Jessica/nerve-wracking pain (14)]
   548 | D:2      | Slain by Jessica

Illustrated notes

Levels and vault maps discovered:
D:1:      zaba_arrival_water, layout_basic, serial_shops, nicolae_diamond_shop
D:2:      minmay_chambers_of_twos, layout_basic,
          hellmonk_ecumenical_altar_defaced_shrine, minmay_goblin_kobold_house,
          uniq_jessica

Skill      XL: |  1  2 |
---------------+-------+-----
Short Blades   | 4 |  4.0
Dodging        | 4 |  4.1
Fighting       | |  2.4
Stealth        | |  2.4

Action                   || total
-------------------------++-------
Melee: Dagger            ||    52
       Short sword       ||     6
Throw: Stone             ||     4
  Use: Potion            ||     2
 Stab: Sleeping          ||     2
Armor: Robe              ||    12
Dodge: Dodged            ||    38

Table legend: (Time is in decaauts)
 A = Elapsed time spent in this place.
 B = Non-inter-level travel time spent in this place.
 C = Inter-level travel time spent in this place.
 D = Time resting spent in this place.
 E = Time spent auto-exploring this place.
 F = Levels seen in this place.
 G = Mean time per level.
                   A        B        C        D        E       F      G
               +--------+--------+--------+--------+--------+-----+--------+
         Total |    543 |    543 |      0 |      0 |     34 |   2 |  271.5 |
       Dungeon |    543 |    543 |      0 |      0 |     34 |   2 |  271.5 |
               +--------+--------+--------+--------+--------+-----+--------+

Top non-repeatable levels by time:
     D:2: 345 daAuts
     D:1: 198 daAuts
